 Dungeon Crawl Stone Soup version 0.23.2-40-g277498a001 (webtiles) character file.

Game seed: 1573579732163092707

83 Curus the Poker (level 4, -2/39 HPs)
             Began as a Minotaur Abyssal Knight on Oct 14, 2019.
             Was a Believer of Lugonu.
             Killed by divine providence
             ... invoked by an orc priest
              (14 damage)
             ... on level 3 of the Dungeon.
             The game lasted 00:07:06 (2000 turns).

Curus the Poker (Minotaur Abyssal Knight)           Turns: 2000, Time: 00:07:06

Health: -2/39      AC:  6    Str: 16      XL:     4   Next: 22%
Magic:  5/5        EV: 10    Int:  8 (9)  God:    Lugonu [**....]
Gold:   126        SH:  0    Dex:  9 (11) Spells: 3/3 levels left

rFire    . . .     SeeInvis .   a - +1 spear
rCold    . . .     Gourm    .   (no shield)
rNeg     . . .     Faith    .   j - +0 ring mail
rPois    .         Spirit   .   (helmet restricted)
rElec    .         Reflect  .   (no cloak)
rCorr    .         Harm     .   (no gloves)
MR       .....                  n - +0 pair of boots
Stlth    ..........             i - amulet of magic regeneration
HPRegen  0.13/turn              (no ring)
MPRegen  0.34/turn              (no ring)

@: no status effects
A: retaliatory headbutt, horns 2
a: Depart the Abyss, Bend Space, Renounce Religion


You were on level 3 of the Dungeon.
You worshipped Lugonu.
Lugonu was pleased with you.
You were not hungry.

You visited 1 branch of the dungeon, and saw 3 of its levels.
You visited the Abyss 1 time.

You collected 126 gold pieces.

Inventory:

Hand Weapons
 a - a +1 spear (weapon)
Armour
 b - a +0 leather armour
 j - a +0 ring mail (worn)
 n - a +0 pair of boots (worn)
Jewellery
 i - an amulet of magic regeneration (around neck)
Wands
 o - a wand of scattershot (4)
Scrolls
 f - 2 scrolls of fear
 g - 3 scrolls of remove curse
 h - 3 scrolls of identify
 k - a scroll of teleportation
Potions
 d - 2 potions of curing
 e - a potion of degeneration
Comestibles
 c - 3 rations


   Skills:
 - Level 3.6 Fighting
 + Level 4.2 Polearms
 - Level 2.4 Armour
 - Level 1.1 Dodging
 + Level 3.3 Invocations


You had 3 spell levels left.
You didn't know any spells.
Your spell library contained the following spells:

 Spells                   Type           Power        Failure   Level  Hunger
 Confusing Touch          Hex            #.....       63%         1    ##.....
 Confuse                  Hex            #.......     94%         3    ####...
 Gell's Gravitas          Tloc           #.........   94%         3    ####...
 Petrify                  Tmut/Erth      #.......     100%        4    #####..
 Metabolic Englaciation   Hex/Ice        #.........   100%        5    ######.
 Yara's Violent Unravell  Hex/Tmut       #.........   100%        5    ######.


Dungeon Overview and Level Annotations

Branches:
Dungeon (3/15)

Altars:
Nemelex Xobeh


Innate Abilities, Weirdness & Mutations

You reflexively headbutt those who attack you in melee.
You have a pair of horns on your head.


Message History

The orc hits you. The orc hits you but does no damage.
You barely miss the orc priest.
The orc priest is moderately wounded.
The orc hits you but does no damage. The orc priest hits you.
The orc hits you. x2
* * * LOW HITPOINT WARNING * * *
You hit the orc.
The orc is lightly wounded.
You hit the orc priest but do no damage.
The orc priest is moderately wounded.
The orc hits you but does no damage. The orc priest barely misses you.
You hit the orc priest but do no damage.
Your headbutt misses the orc priest.
The orc priest is moderately wounded.
The orc barely misses you. The orc priest closely misses you.
You barely miss the orc priest.
The orc priest is moderately wounded.
The orc hits you but does no damage.
The orc priest mumbles some strange prayers to Beogh against you.
Beogh smites you!
You die...

#.....##..#......###
#####.##.........#
#................#
...###.##.........#
##(#..#.#.....#
######....##.#.....#
#....).#####.####...
##.####)# .# ..
###.. ###@#
......#ooo#
......go###
.......ooo.#
#####.........#
#...........
#..........#
#..........#
#..........#


You could see an orc priest, 4 orcs and a goblin.

Vanquished Creatures
  An orc wizard (D:3)
  4 dart slugs
  A leopard gecko (D:1)
  An orc (D:3)
  2 ball pythons (D:2)
  2 giant cockroaches
  6 goblins
  5 hobgoblins
  2 jackals (D:2)
  10 kobolds
  6 bats
  A frilled lizard (D:1)
  3 rats
44 creatures vanquished.

Notes
Turn   | Place    | Note
-------+----------+-------------------------------------------
     0 | Abyss:1  | Curus the Minotaur Abyssal Knight began the quest for the
                  | Orb.
     0 | Abyss:1  | Reached XP level 1. HP: 19/19 MP: 1/1
   209 | Abyss:1  | Noticed a worldbinder
   217 | D:1      | Escaped the Abyss
   343 | D:1      | Reached skill level 3 in Polearms
   343 | D:1      | Reached XP level 2. HP: 25/26 MP: 2/2
   733 | D:1      | Reached * piety under Lugonu
  1058 | D:1      | Reached XP level 3. HP: 31/31 MP: 4/4
  1449 | D:2      | Found a sparkling altar of Nemelex Xobeh.
  1969 | D:3      | Reached ** piety under Lugonu
  1981 | D:3      | Reached skill level 4 in Polearms
  1981 | D:3      | Reached XP level 4. HP: 22/39 MP: 5/5
  2000 | D:3      | Killed from afar by an orc priest

Skill      XL: |  1  2  3 |
---------------+----------+-----
Invocations    | 2 3 |  3.3
Polearms       | 3 4 |  4.2
Fighting       | |  3.6
Armour         | |  2.4
Dodging        | |  1.1

Action                   |  1- 3 |  4- 6 || total
-------------------------+-------+-------++-------
Melee: Spear             |   131 |    13 ||   144
       Headbutt          |     7 |     1 ||     8
Invok: Depart the Abyss  |     1 |       ||     1
  Use: Potion            |     4 |       ||     4
       Scroll            |     7 |       ||     7
  Eat: Chunk             |     3 |       ||     3
Armor: Leather armour    |    17 |       ||    17
       Ring mail         |    19 |     8 ||    27
Dodge: Dodged            |    57 |     8 ||    65
